AoeStats
← Tefo.

Fortress

508089056Analyzed
4v4 RM · 13d ago on Sep 20, 2026· 31m 59s· 8 players
Game mode
Random Map
Map size
Huge
Population
200
Speed
Normal
Resources
Standard
Victory
Conquest
Starting age
Dark Age
Ending age
Imperial Age
RankedLock teamsTeams togetherTeam positionsShared explorationLock speedFull tech treeHidden civsTurbo modeCheats
Victory
Defeat
🇺🇸 Tupi · United States
1434
+14
🇹🇷 Persians · Türkiye
1428
+14
🇩🇪 Bulgarians · Germany
1426
+14
🇹🇷 Goths · Türkiye
1267
+21
🇲🇽 Bohemians · Mexico
1463
-19
🇨🇳 Mongols · China
1386
-16
🇺🇸 Malians · United States
1373
-15
🇹🇷 Berbers · Türkiye
1306
-13
Planck Walk
7:15 Feudal Age
10:52 Castle Age
9:12 Double-Bit Axe
12:34 Bow Saw
18:14 Wheelbarrow
19:42 Forging
20:03 Scale Mail Armor
20:34 Loom
20:35 Town Watch
21:05 Hand Cart
21:49 Iron Casting
21:29 Chain Mail Armor
21:29 Horse Collar
23:38 Chain Mail Armor
27:10 Imperial Age
27:13 Scale Barding Armor
27:52 Husbandry
28:03 Bloodlines
27:14 Heavy Camel Rider
28:44 Chain Barding Armor
Seifer
5:51 Feudal Age
6:22 Double-Bit Axe
8:36 Loom
11:50 Castle Age
9:55 Horse Collar
12:53 Bow Saw
12:46 Heavy Plow
15:15 Wheelbarrow
16:23 Town Watch
21:17 Masonry
25:20 Hand Cart
28:44 Imperial Age
27:39 Fortified Wall
27:59 Scale Mail Armor
28:09 Forging
27:24 Pikeman
28:05 Squires
28:19 Fletching
28:17 Treadmill Crane
28:32 Murder Holes
28:58 Ballistics
29:41 Chemistry
30:20 Architecture
allycankurt600
7:36 Feudal Age
11:45 Castle Age
9:46 Double-Bit Axe
15:23 Horse Collar
17:13 Fletching
17:13 Loom
22:32 Bodkin Arrow
22:38 Padded Archer Armor
23:41 Bloodlines
25:36 Leather Archer Armor
25:43 Ballistics
29:00 Imperial Age
27:06 Wheelbarrow
26:16 Town Watch
29:09 Scale Barding Armor
29:40 Hand Cart
29:03 Heavy Camel Rider
30:15 Chain Barding Armor
30:07 Forging
30:07 Heavy Plow
30:19 Bow Saw
30:04 Gold Mining
31:59 Plate Barding Armor
32:01 Iron Casting
31:08 Elite Genitour
牛比无极限
6:42 Feudal Age
11:21 Castle Age
9:45 Loom
10:36 Wheelbarrow
12:57 Double-Bit Axe
13:12 Horse Collar
27:18 Fortified Wall
27:26 Fortified Wall
30:16 Imperial Age
29:30 Hand Cart
Tefo.
7:36 Feudal Age
11:47 Castle Age
10:13 Double-Bit Axe
13:31 Bow Saw
14:07 Horse Collar
15:39 Wheelbarrow
19:49 Loom
20:31 Heavy Plow
22:37 Hand Cart
26:36 Imperial Age
24:22 Scale Barding Armor
24:39 Bloodlines
24:29 Husbandry
25:52 Chain Barding Armor
26:15 Forging
26:30 Cavalier
29:03 Plate Barding Armor
29:40 Savar
32:14 Iron Casting
31:39 Scale Mail Armor
32:27 Crop Rotation
32:17 Gold Mining
Sultan Mehmet
8:03 Feudal Age
11:46 Castle Age
10:01 Double-Bit Axe
10:33 Horse Collar
12:30 Loom
13:11 Bow Saw
17:18 Wheelbarrow
21:41 Gold Mining
23:08 Hand Cart
25:33 Imperial Age
23:11 Town Watch
23:39 Heavy Plow
24:16 Gold Shaft Mining
24:25 Scale Barding Armor
24:39 Bloodlines
24:30 Husbandry
24:43 Forging
24:35 Stirrups
25:00 Town Patrol
25:38 Chain Barding Armor
26:10 Iron Casting
25:33 Cavalier
27:27 Plate Barding Armor
27:39 Conscription
28:37 Crop Rotation
28:02 Stone Mining
30:26 Blast Furnace
ShukunKuroi
2:15 Loom
6:50 Feudal Age
11:31 Castle Age
10:17 Double-Bit Axe
11:46 Horse Collar
16:07 Squires
16:54 Scale Mail Armor
25:09 Fletching
25:35 Chain Mail Armor
34:06 Imperial Age
ShredzAOE
7:45 Feudal Age
9:30 Loom
12:57 Castle Age
16:07 Imperial Age
14:14 Double-Bit Axe
14:29 Fletching
14:46 Horse Collar
16:30 Bow Saw
19:50 Bodkin Arrow
22:30 Bracer
31:42 Ballistics
Connection lost

Rejoining the realm…

Still unreachable

The connection could not be restored.

Session expired

The server has moved on; the page needs a fresh start.